 Dungeon Crawl Stone Soup version 0.27.1-1-g398f81649c (webtiles) character file.

Game seed: 8614804652991234269

2888 H0rd4k the Martial Artist (level 9, 0/55 HPs)
             Began as an Octopode Transmuter on Sept 9, 2021.
             Was an Initiate of Gozag.
             Slain by a yak (16 damage)
             ... on level 8 of the Dungeon.
             The game lasted 00:12:18 (9706 turns).

H0rd4k the Martial Artist (Octopode Transmuter)     Turns: 9706, Time: 00:12:18

Health: 0/55       AC:  1    Str:  9    XL:     9   Next: 77%
Magic:  16/16      EV: 29    Int: 18    God:    Gozag
Gold:   747        SH:  0    Dex: 13    Spells: 9/17 levels left

rFire    . . .     SeeInvis .     - Unarmed
rCold    . . .     Faith    .   (no shield)
rNeg     . . .     Spirit   .   (helmet restricted)
rPois    +         Reflect  .   z - amulet of the acrobat
rElec    .         Harm     .   h - ring of poison resistance
rCorr    .         Rampage  .   k - ring of wizardry
Will     .....                  (no ring)
Stlth    ++........             (no ring)
HPRegen  0.18/turn              (no ring)
MPRegen  0.15/turn              (no ring)
                                (no ring)
                                (no ring)

@: acrobatic
A: almost no armour, amphibious, 8 rings, camouflage 1, gelatinous body 1,
(nimble swimmer 1), tentacles
a: Renounce Religion, Potion Petition, Call Merchant, Bribe Branch


You were on level 8 of the Dungeon.
You worshipped Gozag.
Gozag was pleased with you.
You visited 2 branches of the dungeon, and saw 9 of its levels.

You collected 798 gold pieces.
You paid 51 gold pieces to Gozag.

Inventory:

Magical Staves
 v - a staff of death
 A - a staff of air
Jewellery
 h - a ring of poison resistance (left tentacle)
 k - a ring of wizardry (right tentacle)
 z - an amulet of the acrobat (around mantle)
Wands
 s - a wand of polymorph (7)
Scrolls
 b - a scroll of holy word {unknown}
 d - 2 scrolls of fear {unknown}
 f - 3 scrolls of teleportation
 i - a scroll of silence {unknown}
 j - a scroll of immolation {unknown}
 n - a scroll of noise {unknown}
 o - 2 scrolls of blinking {unknown}
 t - a scroll of torment {unknown}
 u - a scroll of enchant weapon {unknown}
 y - a scroll of magic mapping {unknown}
 B - a scroll of fog {unknown}
Potions
 a - 3 potions of resistance
 c - a potion of might {unknown}
 g - a potion of ambrosia
 l - a potion of berserk rage
 m - 2 potions of heal wounds
 p - a potion of mutation
 q - a potion of attraction
 r - a potion of haste {unknown}
 w - a potion of curing
 x - a potion of flight {unknown}


   Skills:
 + Level 2.5 Fighting
 + Level 5.0 Dodging
 + Level 9.2 Unarmed Combat
 + Level 4.6 Spellcasting
 + Level 5.4 Transmutations
 + Level 2.5 Ice Magic
 + Level 4.1 Poison Magic


You had 9 spell levels left.
You knew the following spells:

 Your Spells              Type           Power      Damage    Failure   Level
a - Beastly Appendage     Tmut           46%        N/A       1%          1
b - Spider Form           Tmut/Pois      10%        N/A       2%          3
c - Ice Form              Ice/Tmut       18%        N/A       11%         4

Your spell library contained the following spells:

 Spells                   Type           Power      Damage    Failure   Level
 Freeze                   Ice            52%        1d7       1%          1
 Wereblood                Tmut           23%        N/A       1%          2
 Poisonous Vapours        Pois/Air       22%        N/A       3%          2
 Shock                    Conj/Air       16%        1d4       6%          1
 Summon Small Mammal      Summ           16%        N/A       6%          1
 Frozen Ramparts          Ice            26%        1d4       6%          3
 Corpse Rot               Necr/Air       N/A        N/A       9%          2
 Call Canine Familiar     Summ           4%         N/A       16%         3
 Summon Guardian Golem    Hex/Summ       4%         N/A       16%         3
 Swiftness                Air            4%         N/A       16%         3
 Hailstorm                Conj/Ice       8%         3d4       32%         4
 Airstrike                Air            2%         N/A       45%         4
 Dispel Undead            Necr           4%         3d7       45%         4
 Freezing Cloud           Conj/Ice/Air   3%         6-21      69%         5
 Death Channel            Necr           2%         N/A       100%        6


Dungeon Overview and Level Annotations

Branches:
Dungeon (8/15)             Temple (1/1) D:4
   Lair: D:8-11

Altars:
Ashenzari
Cheibriados
Dithmenos
Gozag
Makhleb
Ru
Sif Muna
Trog
Uskayaw
Zin

Shops:
D:5 [   D:6 *

Annotations:
D:6 exclusion: downstairs, Maggie
D:7 exclusions: downstairs and upstairs
D:8 exclusion: upstairs


Innate Abilities, Weirdness & Mutations

You cannot wear most types of armour.
You are amphibious.
You can wear up to eight rings at the same time.
Your skin changes colour to match your surroundings (Stealth+).
Your rubbery body absorbs attacks. (AC +1, EV +1)
((You are camouflaged near water. (Stealth+)))
You have tentacles for arms and can constrict up to eight enemies at once.


Message History

You hit the yak.
The yak looks even sicker.
The yak is lightly wounded.
The yak gores you.
You hit the yak.
The yak looks as sick as possible!
The yak is lightly wounded.
The yak barely misses you.
You hit the yak but do no damage.
The yak is moderately wounded.
The yak gores you!
Your transformation has ended.
Casting: Spider Form (dangerous; 2% risk of failure)
Confirm with . or Enter, or press ? or * to list all spells.
You turn into a venomous arachnid creature.
The yak completely misses you.
You bite the yak!
The yak looks as sick as possible!
The yak is almost dead.
You kill the yak!
Your Poison Magic skill increases to level 4!
You bite the yak!
The yak is moderately wounded.
The yak completely misses you.
You completely miss the yak.
The yak is moderately wounded.
The yak gores you!
* * * LOW HITPOINT WARNING * * *
You hit the yak.
The yak is poisoned.
The yak is moderately wounded.
The yak closely misses you.
Your transformation is almost over.
The yak completely misses you. The yak completely misses you.
You bite the yak!
The yak is almost dead.
Your transformation has ended.
The yak looks more healthy.
You see here 16 gold pieces.
There is a stone staircase leading up here.
The yak gores you!
You die...
Your body crumbles into a pile of gold.

...............#.#
...............#.#
..............#.#
............#...# #
#......<.....#
..###.......##...#
........#+####...##
.......Y.....#....#####.
..........@.....#..........
................###..######
.........#....(.###.>......
.........#.#......#.######.
...........#......#.#
.........#.#........######.
.........#.#...............
........Y#....#####.######.
.......Yz####.# #.#


You could see a yak.

Vanquished Creatures
  Sigmund (D:4)
  4 yaks (D:8)
  A necrophage (D:5)
  4 ogres
  A centaur (D:5)
  2 bullfrogs
  A kobold brigand (D:7)
  A scorpion (D:5)
  A water moccasin zombie (D:6)
  A water moccasin skeleton (D:4)
  3 killer bees
  9 wights
  3 howler monkeys (D:7)
  A centaur zombie (D:7)
  6 hounds
  2 jellies
  A gnoll shaman (D:6)
  2 iguanas
  2 orc wizards
  A hound skeleton (D:4)
  7 adders
  3 gnolls (D:6)
  3 shadow imps
  2 ufetubi
  A worm (D:3)
  16 orcs
  4 ball pythons
  6 bats
  10 endoplasms
  5 giant cockroaches
  4 goblins
  10 hobgoblins
  6 jackals
  12 kobolds
  2 quokkas
  6 frilled lizards
  4 rats (D:1)
148 creatures vanquished.

Vanquished Creatures (others)
  4 toadstools (D:1)
4 creatures vanquished.

Grand Total: 152 creatures vanquished

Notes
Turn   | Place    | Note
-------+----------+-------------------------------------------
     0 | D:1      | H0rd4k the Octopode Transmuter began the quest for the Orb.
     0 | D:1      | Reached XP level 1. HP: 13/13 MP: 3/3
   307 | D:1      | Reached XP level 2. HP: 11/18 MP: 5/5
  1207 | D:1      | Reached XP level 3. HP: 20/23 MP: 6/6
  1276 | D:1      | Found a faded altar of an unknown god.
  1507 | D:1      | Learned a level 3 spell: Spider Form
  2095 | D:2      | Reached XP level 4. HP: 28/28 MP: 7/7
  2194 | D:2      | Reached skill level 1 in Poison Magic
  2717 | D:3      | Reached skill level 4 in Unarmed Combat
  3339 | D:3      | Reached XP level 5. HP: 14/33 MP: 8/8
  4158 | D:4      | Noticed an ogre
  4173 | D:4      | Killed an ogre
  4174 | D:4      | Reached XP level 6. HP: 4/38 MP: 6/10
  4521 | D:4      | Reached skill level 5 in Unarmed Combat
  4862 | D:4      | Found a staircase to the Ecumenical Temple.
  4863 | D:4      | Noticed Sigmund
  4883 | D:4      | Killed Sigmund
  4884 | D:4      | Reached XP level 7. HP: 43/43 MP: 8/11
  4899 | Temple   | Entered the Ecumenical Temple
  4934 | Temple   | Became a worshipper of Gozag Ym Sagoz the Greedy
  5258 | D:5      | Entered Level 5 of the Dungeon
  5514 | D:5      | Reached skill level 6 in Unarmed Combat
  5616 | D:5      | Found Koblittara's Armour Shop.
  5947 | D:5      | Reached XP level 8. HP: 50/50 MP: 9/13
  6229 | D:6      | Noticed Maggie
  6404 | D:6      | Found Devonk's Neck Hole.
  6525 | D:6      | Noticed a seven-headed hydra
  6848 | D:8      | Reached skill level 7 in Unarmed Combat
  7033 | D:8      | Noticed a yak
  7033 | D:8      | Noticed a yak
  7895 | D:6      | Learned a level 4 spell: Ice Form
  8391 | D:7      | Reached skill level 1 in Ice Magic
  8818 | D:7      | Reached XP level 9. HP: 52/54 MP: 15/15
  8843 | D:7      | Reached skill level 8 in Unarmed Combat
  9068 | D:7      | Reached skill level 5 in Transmutations
  9632 | D:8      | Reached skill level 5 in Dodging
  9632 | D:8      | Reached skill level 9 in Unarmed Combat
  9706 | D:8      | Slain by a yak

Illustrated notes

Levels and vault maps discovered:
D:1:      ldierk_water_garden, layout_loops_cross,
          hellmonk_ecumenical_altar_crossroads
D:2:      layout_rooms, minmay_close_crescents
D:3:      layout_rooms, eino_tiny_chamber, st_stairs_13, minmay_unequal
D:4:      layout_loops_cross, minmay_temple_entry_large_hall, uniq_sigmund
D:5:      layout_rooms, serial_shops, shop
D:6:      layout_basic, nicolae_shop_sticking_my_neck_out, uniq_maggie
D:7:      layout_cave_pools
D:8:      layout_basic, minmay_misc_feat_hallway, minmay_misc_feat_encased
Temple:   compressed_dpeg_circular_temple

Skill      XL: |  1  2  3  4  5  6  7  8  9 |
---------------+----------------------------+-----
Poison Magic   | 1 2 3 4 |  4.1
Unarmed Combat | 4 5 6 7 9 |  9.2
Transmutations | 3 4 5 |  5.4
Spellcasting   | 3 4 |  4.6
Dodging        | 3 4 5 |  5.0
Fighting       | 2 |  2.5
Ice Magic      | 1 2 |  2.5

Action                   |  1- 3 |  4- 6 |  7- 9 || total
-------------------------+-------+-------+-------++-------
Melee: Unarmed           |    92 |   137 |   302 ||   531
       Constrict         |    20 |    27 |    11 ||    58
       Tentacles         |    13 |    22 |     9 ||    44
       Punch             |     2 |     3 |     5 ||    10
 Cast: Spider Form       |     1 |     7 |    26 ||    34
  Use: Scroll            |       |       |     8 ||     8
 Stab: Sleeping          |     8 |     2 |     2 ||    12
       Distracted        |       |       |     2 ||     2
Armor: Skin              |     6 |     5 |     9 ||    20
Dodge: Dodged            |    58 |    72 |   257 ||   387
